[Event "Titled Tuesday Blitz August 1 Early 2023"]
[White "Akylbek2021"]
[Black "Estrada Nieto, Julian"]
[BlackFideId "5101018"]
[WhiteElo "2364"]
[BlackElo "2507"]
[Result "0-1"]
[Round "4"]
[TimeControl "180+1"]
[Date "2023.08.01"]
[WhiteClock "0:00:03"]
[BlackClock "0:01:21"]
[Board "167"]

1. d4 d5 2. c4 dxc4 3. e3 e6 4. Bxc4 Nf6 5. Nf3 c5 6. O-O a6 7. a4 Nc6 8. b3 Be7 9. Bb2 O-O 10. dxc5 Bxc5 11. Qxd8 Rxd8 12. Bxf6 gxf6 13. Nc3 Bd7 14. Ne4 Be7 15. Rfd1 Be8 16. Kf1 Na5 17. Ned2 Bb4 18. Nd4 Bc3 19. Ne4 Bxa1 20. Nxf6+ Kg7 21. Nxe8+ Rxe8 22. Rxa1 Nxc4 23. bxc4 Rac8 24. Rb1 Re7 25. Rc1 Rec7 26. Rb1 Kf6 27. a5 Rxc4 28. Rxb7 R4c5 29. Nb3 Rb5 30. Rxb5 axb5 31. Ke2 Ke5 32. Kd3 Kd5 33. e4+ Kd6 34. Nd4 Kc5 35. f4 Rd8 36. a6 Rxd4+ 37. Ke3 Ra4 38. a7 Rxa7 39. f5 e5 40. g4 f6 0-1


[Site "https://www.chess.com"]

[Event "Titled Tuesday Blitz August 1 Early 2023"]
[White "Lopez Del Alamo, Antonio"]
[Black "Lehtosaari, Mauri"]
[WhiteFideId "2227339"]
[BlackFideId "501999"]
[WhiteElo "2359"]
[BlackElo "2503"]
[Result "1-0"]
[Round "4"]
[TimeControl "180+1"]
[Date "2023.08.01"]
[WhiteClock "0:01:48"]
[BlackClock "0:00:06"]
[Board "168"]

1. e4 c5 2. Nf3 e6 3. d3 d5 4. Nbd2 Nf6 5. g3 Nc6 6. Bg2 Be7 7. O-O O-O 8. e5 Nd7 9. Re1 b5 10. Nf1 a5 11. h4 a4 12. a3 Ba6 13. N1h2 Qb6 14. Bf4 b4 15. Bf1 bxa3 16. bxa3 Rfb8 17. Ng5 h6 18. Qh5 hxg5 19. hxg5 Nf8 20. c3 Ng6 21. Ng4 Bf8 22. Be2 Qb2 23. Kg2 Be7 24. Nf6+ Kf8 25. Qh7 Bxf6 26. gxf6 gxf6 27. exf6 Ke8 28. Qg8+ Nf8 29. Bh6 Qxc3 30. Qxf8+ Kd7 31. Qxf7+ Kc8 32. Bg4 Nd8 33. Bxe6+ Nxe6 34. Rxe6 Bb5 35. Rae1 Rb7 36. Re8+ Bxe8 37. Rxe8# 1-0


[Site "https://www.chess.com"]

[Event "Titled Tuesday Blitz August 1 Early 2023"]
[White "Gu, Xiaobing"]
[Black "Fernandez Lopez, Ruben"]
[WhiteFideId "8602611"]
[BlackFideId "24518298"]
[WhiteElo "2357"]
[BlackElo "2502"]
[Result "1-0"]
[Round "4"]
[TimeControl "180+1"]
[Date "2023.08.01"]
[WhiteClock "0:00:18"]
[BlackClock "0:01:48"]
[Board "169"]

1. e4 d5 2. exd5 Nf6 3. d4 Bg4 4. Be2 Bxe2 5. Nxe2 Qxd5 6. O-O Nc6 7. Nbc3 Qh5 8. Bf4 O-O-O 9. Qd3 e5 10. Bg3 exd4 11. Nb5 Qg6 12. Bxc7 Qxd3 13. cxd3 Rd5 14. a4 a6 15. Nf4 Rd7 16. Bb6 g5 17. Nh3 g4 18. Nf4 Bh6 19. Ne2 Re7 20. Ng3 axb5 21. axb5 Nb8 22. Rfc1+ Kd7 23. Rc7+ Ke6 24. Re1+ Kd6 25. Rexe7 Nd5 26. Nf5# 1-0


[Site "https://www.chess.com"]

[Event "Titled Tuesday Blitz August 1 Early 2023"]
[White "Bashirli, Saadat"]
[Black "Erzhanov, Arman"]
[WhiteFideId "13429990"]
[BlackFideId "4138821"]
[WhiteElo "2351"]
[BlackElo "2501"]
[Result "0-1"]
[Round "4"]
[TimeControl "180+1"]
[Date "2023.08.01"]
[WhiteClock "0:00:00"]
[BlackClock "0:00:18"]
[Board "170"]

1. e4 d6 2. d4 Nf6 3. Nc3 c6 4. Be2 e5 5. dxe5 dxe5 6. Qxd8+ Kxd8 7. Nf3 Bd6 8. Bg5 Be6 9. O-O-O Kc7 10. Kb1 Nbd7 11. h3 b5 12. g4 Nc5 13. Bxf6 gxf6 14. a3 a5 15. Bxb5 Rhb8 16. Bd3 Nxd3 17. cxd3 Bxa3 18. Rd2 Rb3 19. Ka1 Rab8 20. Rb1 Bb4 21. Rc2 Bxc3 22. Rxc3 a4 23. Ne1 a3 24. Rxb3 Rxb3 25. f3 Kd6 26. h4 h6 27. bxa3 Rxa3+ 28. Kb2 Ra2+ 29. Kc3 h5 30. gxh5 Rh2 31. Nc2 Rxh4 32. Ne3 Rxh5 33. Rb8 Rh3 34. Rd8+ Kc7 35. Ra8 Rxf3 36. Kd2 Rf2+ 37. Kc3 Re2 38. Nd1 Kb7 39. Rd8 f5 40. exf5 Bxf5 41. Rf8 Be6 42. Re8 Kb6 43. Rb8+ Kc7 44. Rf8 f5 45. Nb2 f4 46. Rf6 Kd7 47. Rh6 Re3 48. Rf6 Ke7 49. Rh6 Bf5 50. Rh5 Kf6 51. Rh1 e4 52. Kd2 exd3 53. Nc4 Re2+ 54. Kc3 Rc2+ 55. Kd4 d2 56. Rd1 f3 57. Rxd2 f2 58. Rxc2 f1=Q 59. Ne3 Qf4+ 0-1


[Site "https://www.chess.com"]

[Event "Titled Tuesday Blitz August 1 Early 2023"]
[White "Elissalt Cardenas, Hector"]
[Black "Liu, Casper"]
[WhiteFideId "3500632"]
[BlackFideId "1454153"]
[WhiteElo "2351"]
[BlackElo "2497"]
[Result "0-1"]
[Round "4"]
[TimeControl "180+1"]
[Date "2023.08.01"]
[WhiteClock "0:00:00"]
[BlackClock "0:00:46"]
[Board "171"]

1. d4 Nf6 2. c4 g6 3. Nc3 Bg7 4. e4 O-O 5. Be2 d6 6. Be3 e5 7. d5 a5 8. g4 Na6 9. h4 Nc5 10. f3 h5 11. g5 Nfd7 12. Nh3 a4 13. Nf2 f5 14. gxf6 Qxf6 15. Qd2 Ra6 16. O-O-O Nb6 17. Rdg1 Bd7 18. Rg2 Rfa8 19. Kb1 Nb3 20. Qd1 Be8 21. c5 Nxc5 22. Bxc5 dxc5 23. Bxa6 Rxa6 24. Nd3 Nc4 25. Qc1 Qxf3 26. Ne1 Qf6 27. d6 Qxd6 28. Rf1 c6 29. Nf3 Qd3+ 30. Ka1 a3 31. b3 Ne3 32. Rgf2 Nxf1 33. Rxf1 Ra8 34. Ng5 Rd8 35. Ne6 Bh6 36. Nxc5 Qd4 37. Ne6 Bxc1 0-1


[Site "https://www.chess.com"]

[Event "Titled Tuesday Blitz August 1 Early 2023"]
[White "Romero Arzuaga, Yudel"]
[Black "Tikhonov, Viacheslav"]
[WhiteFideId "3521010"]
[BlackFideId "44196407"]
[WhiteElo "2351"]
[BlackElo "2497"]
[Result "1/2-1/2"]
[Round "4"]
[TimeControl "180+1"]
[Date "2023.08.01"]
[WhiteClock "0:00:10"]
[BlackClock "0:00:14"]
[Board "172"]

1. d4 d5 2. Nf3 Nf6 3. Bf4 c5 4. e3 Nc6 5. c3 Qb6 6. Qb3 c4 7. Qxb6 axb6 8. Be2 b5 9. Na3 Ra5 10. Bc7 b6 11. Bxb6 Ra6 12. Bc5 Ra5 13. Bb6 Ra6 14. Bc7 b4 15. Nb5 Bf5 16. Bf4 Kd7 17. Ne5+ Nxe5 18. dxe5 Ne4 19. f3 Nc5 20. cxb4 Nb3 21. Kf2 Nxa1 22. Rxa1 e6 23. a3 Bxb4 24. Nd4 Bg6 25. Rd1 Bc5 26. Nb3 Kc6 27. Nxc5 Kxc5 28. e4 Rd8 29. Bd2 d4 30. Bb4+ Kb5 31. b3 d3 32. Bf1 f5 33. bxc4+ Kxc4 34. Ke3 fxe4 35. fxe4 Kb3 36. Bxd3 Raa8 37. Rb1+ Ka2 38. Rf1 Rac8 39. Rf2+ Kb3 40. g4 Rd7 41. h4 Rcd8 42. Bc2+ Kc4 43. Ba4 Rd3+ 44. Ke2 Bxe4 45. Rf4 Kd5 46. Rxe4 Kxe4 47. Bc2 Rd5 48. Bd6 g6 49. h5 Rd4 50. a4 Rd5 51. a5 Rxa5 52. Bxd3+ Kf4 53. hxg6 hxg6 54. Bxg6 Ra2+ 55. Kd3 Kxg4 56. Bf7 Kf5 57. Kd4 Rd2+ 58. Kc5 Rd5+ 59. Kc6 Rxe5 60. Bxe5 Kxe5 61. Bxe6 1/2-1/2


[Site "https://www.chess.com"]

[Event "Titled Tuesday Blitz August 1 Early 2023"]
[White "Topalov, Aleksandar"]
[Black "Grossboss19"]
[WhiteFideId "925659"]
[WhiteElo "2349"]
[BlackElo "2494"]
[Result "1-0"]
[Round "4"]
[TimeControl "180+1"]
[Date "2023.08.01"]
[WhiteClock "0:00:08"]
[BlackClock "0:00:00"]
[Board "173"]

1. b3 d5 2. Bb2 Nf6 3. Nf3 c5 4. e3 e6 5. d4 Nc6 6. Nbd2 Bd6 7. Bd3 O-O 8. Ne5 Nb4 9. O-O Nxd3 10. cxd3 cxd4 11. exd4 b6 12. Ndf3 Bb7 13. Qd2 h6 14. g4 Nh7 15. h4 Be7 16. h5 Rc8 17. Rac1 Bd6 18. Kg2 Qe7 19. Qf4 Rxc1 20. Rxc1 Rc8 21. Rxc8+ Bxc8 22. Qc1 Qc7 23. Qxc7 Bxc7 24. Ba3 Bb7 25. Kf1 f6 26. Ng6 Kf7 27. Ke2 Ba6 28. Ke3 Ng5 29. Nfh4 Ke8 30. Nf8 Bc8 31. f4 Nf7 32. Nfg6 Bd6 33. Bb2 Kd7 34. f5 Ke8 35. fxe6 Bxe6 36. Nf5 Bxf5 37. gxf5 Kd7 38. Nf4 Bxf4+ 39. Kxf4 Nd6 40. Ba3 Ne8 41. Bf8 Kc6 42. Ke3 Kb5 43. a4+ Kc6 44. Kf4 Kd7 45. b4 a6 46. b5 axb5 47. axb5 Nc7 48. Bxg7 Ke7 49. Bxh6 Nxb5 50. Ke3 Nd6 51. Bf4 Nxf5+ 52. Kd2 Nxd4 53. Be3 Nb3+ 54. Kc3 Nc5 55. Kd4 1-0


[Site "https://www.chess.com"]

[Event "Titled Tuesday Blitz August 1 Early 2023"]
[White "Papayan, Oleg"]
[Black "AndresDelgado77"]
[WhiteFideId "4193911"]
[WhiteElo "2494"]
[BlackElo "2347"]
[Result "1-0"]
[Round "4"]
[TimeControl "180+1"]
[Date "2023.08.01"]
[WhiteClock "0:00:13"]
[BlackClock "0:00:00"]
[Board "174"]

1. e4 e6 2. d4 d5 3. Nc3 Nf6 4. Bg5 Bb4 5. e5 h6 6. Bc1 Ne4 7. Qg4 Kf8 8. Ne2 c5 9. a3 Bxc3+ 10. Nxc3 Qa5 11. b4 cxb4 12. Nxe4 dxe4 13. Bd2 Nc6 14. Qxe4 Qb6 15. axb4 Qxd4 16. Qxd4 Nxd4 17. Bd3 Bd7 18. Be3 Nc6 19. Bc5+ Kg8 20. f4 Rc8 21. Kd2 g6 22. Bd6 a6 23. h4 h5 24. c4 Kg7 25. Rhb1 Rhe8 26. Ke3 Ne7 27. g3 Nf5+ 28. Bxf5 exf5 29. c5 Bc6 30. Kd4 Re6 31. Ra5 Ree8 32. b5 axb5 33. Raxb5 Bxb5 34. Rxb5 Ra8 35. Rxb7 Rec8 36. e6 Kg8 37. exf7+ 1-0


[Site "https://www.chess.com"]

[Event "Titled Tuesday Blitz August 1 Early 2023"]
[White "Kiremitciyan, Ari"]
[Black "Goswami, Vedant"]
[WhiteFideId "6373445"]
[BlackFideId "5003725"]
[WhiteElo "2493"]
[BlackElo "2347"]
[Result "1/2-1/2"]
[Round "4"]
[TimeControl "180+1"]
[Date "2023.08.01"]
[WhiteClock "0:01:23"]
[BlackClock "0:01:24"]
[Board "175"]

1. Nf3 Nf6 2. b3 g6 3. Bb2 Bg7 4. c4 O-O 5. g3 d6 6. Bg2 e5 7. O-O Nc6 8. d3 Bg4 9. h3 Bf5 10. Nbd2 Re8 11. a3 a5 12. Qc2 Qd7 13. Kh2 e4 14. dxe4 Nxe4 15. Bxg7 Kxg7 16. Nxe4 Bxe4 17. Qb2+ Kg8 18. Rad1 Qe7 19. e3 Rad8 20. b4 axb4 21. axb4 Ne5 22. Nxe5 Qxe5 23. Qxe5 Rxe5 24. Rd4 Bxg2 25. Kxg2 Ra8 26. b5 Ra2 27. b6 cxb6 28. Rxd6 Rxe3 29. Rxb6 Rc3 30. Rxb7 Rxc4 31. Rb3 Kg7 32. Rd1 Rc6 33. Rf3 Rf6 34. Rxf6 Kxf6 35. h4 h5 36. Rd5 Ra3 37. Rb5 Rc3 38. Ra5 Rb3 39. Rc5 Ra3 40. Rd5 Rb3 41. Rc5 Ra3 42. Rd5 Rb3 43. Rc5 1/2-1/2


[Site "https://www.chess.com"]

[Event "Titled Tuesday Blitz August 1 Early 2023"]
[White "Viskelis, Darius"]
[Black "Dushyant Sharma"]
[WhiteFideId "12800830"]
[BlackFideId "25065130"]
[WhiteElo "2342"]
[BlackElo "2490"]
[Result "0-1"]
[Round "4"]
[TimeControl "180+1"]
[Date "2023.08.01"]
[WhiteClock "0:00:00"]
[BlackClock "0:00:05"]
[Board "176"]

1. e4 d5 2. exd5 Nf6 3. c4 c6 4. d4 cxd5 5. Nc3 Nc6 6. Bg5 e6 7. c5 Be7 8. Nf3 O-O 9. Bb5 Ne4 10. Bf4 f5 11. O-O Bd7 12. Rc1 Kh8 13. Re1 Bf6 14. Bxc6 Bxc6 15. Be5 b6 16. b4 bxc5 17. dxc5 Bxe5 18. Nxe5 Qc7 19. Qd4 Rab8 20. f3 Nxc3 21. Rxc3 a5 22. a3 axb4 23. axb4 Rb7 24. Rce3 f4 25. Ra3 Rfb8 26. Nd3 Bb5 27. Rxe6 Bxd3 28. Qxd3 Rxb4 29. Qxd5 Rb1+ 30. Kf2 Rd1 31. Qc4 Rd2+ 32. Ke1 Qd7 33. Rd6 Rxd6 34. cxd6 Qxd6 35. Rd3 Re8+ 36. Kd2 Qe5 37. Qd4 Qe1+ 38. Kc2 Re2+ 39. Kb3 Qb1+ 40. Kc4 Rc2+ 41. Rc3 Qa2+ 42. Kd3 Rd2+ 43. Ke4 Rxd4+ 44. Kxd4 h6 45. Kd3 Qxg2 46. Rc2 Qxf3+ 0-1


[Site "https://www.chess.com"]

[Event "Titled Tuesday Blitz August 1 Early 2023"]
[White "Brunner, Nicolas"]
[Black "Gueci, Tea"]
[WhiteFideId "620246"]
[BlackFideId "872342"]
[WhiteElo "2487"]
[BlackElo "2329"]
[Result "1/2-1/2"]
[Round "4"]
[TimeControl "180+1"]
[Date "2023.08.01"]
[WhiteClock "0:01:35"]
[BlackClock "0:00:53"]
[Board "177"]

1. Nf3 c5 2. c4 Nf6 3. Nc3 g6 4. g3 Bg7 5. d4 cxd4 6. Nxd4 Nc6 7. Bg2 O-O 8. O-O d6 9. Nxc6 bxc6 10. Bxc6 Bh3 11. Bg2 Qc8 12. Qd3 Bxg2 13. Kxg2 Nd7 14. b3 Ne5 15. Qc2 Rb8 16. Bb2 Nxc4 17. bxc4 Qb7+ 18. Nd5 Qxb2 19. Qxb2 Rxb2 20. Nxe7+ Kh8 21. Rad1 Rxe2 22. Nc6 Rxa2 23. Rxd6 Rc2 24. Nxa7 Rxc4 25. Rfd1 1/2-1/2


[Site "https://www.chess.com"]

[Event "Titled Tuesday Blitz August 1 Early 2023"]
[White "Kaplan, Avi Harrison"]
[Black "Akhayan, Ruben"]
[WhiteFideId "30934559"]
[BlackFideId "204439"]
[WhiteElo "2487"]
[BlackElo "2319"]
[Result "1-0"]
[Round "4"]
[TimeControl "180+1"]
[Date "2023.08.01"]
[WhiteClock "0:00:28"]
[BlackClock "0:00:13"]
[Board "178"]

1. b3 e5 2. Bb2 Nc6 3. e3 a6 4. g3 Nf6 5. Bg2 d5 6. Ne2 Bd6 7. O-O O-O 8. d3 h6 9. Nd2 Be6 10. a3 Qd7 11. c4 dxc4 12. Nxc4 Rad8 13. Nxd6 Qxd6 14. Rc1 Qxd3 15. Bxc6 bxc6 16. Bxe5 Qxd1 17. Rfxd1 Rxd1+ 18. Rxd1 Bxb3 19. Rb1 Bc4 20. Nd4 Bd5 21. Bxc7 Rc8 22. Be5 Nd7 23. Nf5 Re8 24. Ba1 Be4 25. Nxg7 Bxb1 26. Nxe8 f5 27. Nd6 Kf8 28. Kf1 Ke7 29. Nb7 Ke6 30. Ke2 Kd5 31. f3 Ba2 32. Kd3 Bc4+ 33. Kc3 Be2 34. f4 Nf6 35. Kd2 Bf3 36. Bxf6 Kc4 37. Nd6+ Kb3 38. Nxf5 Kxa3 39. Nd4 Be4 40. Be7+ Kb2 41. f5 a5 42. f6 Bd5 43. e4 Bc4 44. e5 a4 45. e6 a3 46. Bxa3+ 1-0


[Site "https://www.chess.com"]

[Event "Titled Tuesday Blitz August 1 Early 2023"]
[White "Kaminski, Victor"]
[Black "Ljukin, Sergei"]
[WhiteFideId "1131630"]
[BlackFideId "14102200"]
[WhiteElo "2319"]
[BlackElo "2485"]
[Result "0-1"]
[Round "4"]
[TimeControl "180+1"]
[Date "2023.08.01"]
[WhiteClock "0:00:01"]
[BlackClock "0:00:12"]
[Board "179"]

1. e4 e6 2. d4 d5 3. Nc3 Bb4 4. e5 Ne7 5. Bd2 b6 6. Nf3 O-O 7. Ne2 Bxd2+ 8. Qxd2 c5 9. c3 Ba6 10. h4 Nbc6 11. h5 h6 12. Ng3 Bxf1 13. Kxf1 f6 14. exf6 Rxf6 15. Re1 Qd7 16. Rh4 Raf8 17. Rg4 Kh8 18. Kg1 R6f7 19. Qe3 e5 20. Nh2 cxd4 21. cxd4 exd4 22. Qe6 Qxe6 23. Rxe6 Rxf2 24. Nf3 Rxb2 25. Nxd4 Rb4 26. Kh2 Rxd4 27. Rxd4 Nxd4 28. Rxe7 Nc6 29. Rc7 Rf6 30. Rd7 d4 31. Ne4 Re6 32. Nd6 Kg8 33. Nf5 Re5 34. Rxg7+ Kf8 35. Rc7 Rxf5 36. Rxc6 Rd5 37. Kg3 d3 38. Rc1 d2 39. Rd1 Kg7 40. Kf4 Kf6 41. g4 Rd4+ 42. Ke3 Rd8 43. Rxd2 Rxd2 44. Kxd2 Kg5 0-1


[Site "https://www.chess.com"]

[Event "Titled Tuesday Blitz August 1 Early 2023"]
[White "Molenda, Marcin"]
[Black "Van den Dikkenberg, Erik"]
[WhiteFideId "1173065"]
[BlackFideId "1005880"]
[WhiteElo "2484"]
[BlackElo "2318"]
[Result "1-0"]
[Round "4"]
[TimeControl "180+1"]
[Date "2023.08.01"]
[WhiteClock "0:00:03"]
[BlackClock "0:00:00"]
[Board "180"]

1. e4 c5 2. Nc3 d6 3. f4 a6 4. a4 Nc6 5. Nf3 Nf6 6. Bc4 g6 7. d3 Bg7 8. O-O O-O 9. Qe1 Bg4 10. Qh4 Bxf3 11. Rxf3 Nd4 12. Rh3 Nxc2 13. Rb1 e6 14. f5 b5 15. Bg5 h5 16. Qg3 bxc4 17. Rf1 exf5 18. Nd5 Nd4 19. Kh1 cxd3 20. exf5 Ne4 21. Qf4 Nxg5 22. f6 Nde6 23. Qh4 Bh6 24. Rg3 Kh7 25. Qc4 Rb8 26. h4 Rb4 27. Nxb4 cxb4 28. hxg5 Bxg5 29. Qxd3 Bxf6 30. Rh3 h4 31. Rhf3 Bg5 32. Rxf7+ Rxf7 33. Rxf7+ Ng7 34. Qd4 Qg8 35. Rb7 Kh6 36. Qxd6 Qc4 37. Qxb4 Qf1+ 38. Kh2 Bf4+ 39. Kh3 Qh1+ 40. Kg4 Qxg2+ 41. Kxf4 Qg5+ 42. Kf3 Nf5 43. Qf4 1-0


[Site "https://www.chess.com"]

[Event "Titled Tuesday Blitz August 1 Early 2023"]
[White "Fuzesabonyilaci"]
[Black "Hoang, Thi Bao Tram"]
[BlackFideId "12401102"]
[WhiteElo "2318"]
[BlackElo "2482"]
[Result "0-1"]
[Round "4"]
[TimeControl "180+1"]
[Date "2023.08.01"]
[WhiteClock "0:00:13"]
[BlackClock "0:01:25"]
[Board "181"]

1. d4 d5 2. Nc3 c6 3. Bf4 Bf5 4. Qd2 Nd7 5. f3 Ngf6 6. O-O-O h6 7. Re1 a6 8. e4 Be6 9. g4 dxe4 10. Nxe4 Nxe4 11. Rxe4 Nf6 12. Rxe6 fxe6 13. Bd3 Qd5 14. Bg6+ Kd7 15. Kb1 Rd8 16. Ne2 Qxf3 17. Re1 Qxg4 18. Rg1 Qf3 19. Qb4 Kc8 20. Qb6 Nd5 21. Qa7 Nxf4 22. Nxf4 Qxf4 23. Qc5 Qxd4 24. Qh5 Qxg1+ 0-1


[Site "https://www.chess.com"]

[Event "Titled Tuesday Blitz August 1 Early 2023"]
[White "Ai, Evan"]
[Black "Bettalli, Francesco"]
[WhiteFideId "2094770"]
[BlackFideId "2816453"]
[WhiteElo "2315"]
[BlackElo "2476"]
[Result "0-1"]
[Round "4"]
[TimeControl "180+1"]
[Date "2023.08.01"]
[WhiteClock "0:00:02"]
[BlackClock "0:01:33"]
[Board "182"]

1. e4 e5 2. Nf3 Nf6 3. Nxe5 Nc6 4. Nxc6 dxc6 5. d3 Bc5 6. Be2 h5 7. c3 Ng4 8. Bxg4 hxg4 9. d4 Bb6 10. Be3 Be6 11. Nd2 Qe7 12. Qe2 O-O-O 13. a3 f5 14. exf5 Bxf5 15. O-O-O Qf7 16. Qc4 Be6 17. Qe2 c5 18. dxc5 Ba5 19. b4 Bf5 20. Qc4 Be6 21. Qf4 Qg6 22. bxa5 Qd3 23. Kb2 Bf5 24. Rc1 Rhf8 25. Qc4 Qd7 26. Qd4 Qb5+ 27. Qb4 Qe2 28. Rhd1 Rd5 29. Ka1 Rfd8 30. Re1 Qa6 31. Nb3 Qf6 32. Bd4 Qf7 33. a6 bxa6 34. c4 Rxd4 35. Nxd4 Rxd4 36. c6 Qf6 37. Re8+ Rd8+ 38. Ka2 Rxe8 39. Qb7+ Kd8 40. Qb8+ Ke7 41. Qxc7+ Kf8 42. Kb3 Rc8 43. Qxa7 Qxc6 44. Qd4 Rb8+ 45. Kc3 Kg8 46. Qf4 Qf6+ 47. Kd2 Rb2+ 48. Ke1 Qe6+ 49. Kf1 Bd3+ 50. Kg1 Re2 51. Qd4 Re1+ 0-1


[Site "https://www.chess.com"]

[Event "Titled Tuesday Blitz August 1 Early 2023"]
[White "Kovalevsky, Stanislav"]
[Black "Szente Varga, Fruzsina"]
[WhiteFideId "13508598"]
[BlackFideId "712264"]
[WhiteElo "2476"]
[BlackElo "2315"]
[Result "1-0"]
[Round "4"]
[TimeControl "180+1"]
[Date "2023.08.01"]
[WhiteClock "0:00:17"]
[BlackClock "0:00:00"]
[Board "183"]

1. c4 e5 2. Nc3 Nf6 3. g3 g6 4. Bg2 Bg7 5. e4 O-O 6. Nge2 d6 7. O-O Be6 8. d3 Qd7 9. f4 Nc6 10. Nd5 Bg4 11. Be3 Ne7 12. Nxe7+ Qxe7 13. f5 gxf5 14. exf5 Qd7 15. Bg5 h6 16. Bxf6 Bxf6 17. h3 Bxe2 18. Qxe2 c6 19. Qh5 Kh7 20. g4 Rg8 21. h4 e4 22. g5 Bxg5 23. hxg5 Rxg5 24. Qh3 Rag8 25. Rf2 d5 26. cxd5 cxd5 27. dxe4 dxe4 28. Re1 Qd4 29. Qe3 Qd6 30. Qxe4 Rh5 31. Qe5 1-0


[Site "https://www.chess.com"]

[Event "Titled Tuesday Blitz August 1 Early 2023"]
[White "SicilianPanzer"]
[Black "Yeritsyan, Hayk"]
[BlackFideId "13307320"]
[WhiteElo "2311"]
[BlackElo "2471"]
[Result "1/2-1/2"]
[Round "4"]
[TimeControl "180+1"]
[Date "2023.08.01"]
[WhiteClock "0:00:05"]
[BlackClock "0:00:17"]
[Board "184"]

1. e4 c6 2. Nf3 d5 3. Nc3 Bg4 4. h3 Bxf3 5. Qxf3 e6 6. g3 Nf6 7. Bg2 dxe4 8. Nxe4 Nxe4 9. Qxe4 Qd5 10. O-O Qxe4 11. Bxe4 Nd7 12. Rb1 Nf6 13. Bg2 Be7 14. b4 O-O-O 15. d3 Nd5 16. Bd2 Bf6 17. Rb3 Rd7 18. b5 c5 19. c4 Ne7 20. b6 a6 21. f4 Nf5 22. g4 Nd4 23. Rbb1 g6 24. Be4 h5 25. Kg2 Bg7 26. f5 gxf5 27. gxf5 exf5 28. Rxf5 Nxf5 29. Bxf5 Kd8 30. Bg5+ f6 31. Bxd7 Kxd7 32. Bf4 Re8 33. Kf3 f5 34. Be3 Bf6 35. Bxc5 Kc6 36. d4 Re4 37. Rd1 Rh4 38. Kg2 Re4 39. a4 Bg7 40. Kf3 Bf6 41. Kg2 Bd8 42. Rf1 Bxb6 43. Rxf5 Bxc5 44. Rxc5+ Kd6 45. Rxh5 Rxd4 46. Rh7 Rxc4 47. Rxb7 Rxa4 48. h4 Ke5 49. Kg3 Kf6 50. Kf3 Kf5 51. Rb6 Ra3+ 52. Kf2 Kg4 53. Ke2 Kxh4 54. Kd2 Kg4 55. Kc2 Kf4 56. Kb2 Ra5 57. Rb4+ Ke5 58. Rb3 Kd5 59. Ra3 Rb5+ 60. Ka1 a5 61. Rh3 Rb4 62. Rh5+ Kc4 63. Rxa5 Kb3 64. Rh5 Ra4+ 65. Kb1 Rf4 66. Rh3+ Kc4 67. Kb2 Rf2+ 68. Kc1 Kb4 69. Rh4+ Kc3 70. Rh3+ Kd4 71. Rh4+ Kd3 72. Rh3+ Ke2 73. Ra3 Kf1 74. Rc3 Kg2 75. Rc2 Rxc2+ 76. Kxc2 1/2-1/2


[Site "https://www.chess.com"]

[Event "Titled Tuesday Blitz August 1 Early 2023"]
[White "Nareks, Matic"]
[Black "Antonio, Jorge Carlos"]
[WhiteFideId "14629526"]
[BlackFideId "113190"]
[WhiteElo "2471"]
[BlackElo "2310"]
[Result "0-1"]
[Round "4"]
[TimeControl "180+1"]
[Date "2023.08.01"]
[WhiteClock "0:00:42"]
[BlackClock "0:01:03"]
[Board "185"]

1. e4 g6 2. d4 Bg7 3. h4 h5 4. Nc3 d6 5. Nh3 Bxh3 6. Rxh3 Nd7 7. Bg5 c6 8. Qd2 Ngf6 9. O-O-O O-O 10. Be2 b5 11. f3 b4 12. Nb1 c5 13. dxc5 Nxc5 14. Qxb4 Rb8 15. Qa3 Qb6 16. Nc3 Rfc8 17. Be3 Nb3+ 18. axb3 Qxe3+ 19. Kb1 Rxc3 20. bxc3 Qxe2 21. Rhh1 Qxg2 22. Qxa7 Rc8 23. Qe3 Nd7 24. c4 Qg3 25. Rd5 Ne5 26. Rf1 Qxh4 27. f4 Ng4 28. Qa7 Qf6 29. Qa2 Ne3 30. Rf3 Nxd5 31. cxd5 Qd4 32. Kc1 Qxe4 0-1


[Site "https://www.chess.com"]

[Event "Titled Tuesday Blitz August 1 Early 2023"]
[White "Ziatdinov, Raset"]
[Black "MFatigue"]
[WhiteFideId "2015323"]
[WhiteElo "2306"]
[BlackElo "2470"]
[Result "0-1"]
[Round "4"]
[TimeControl "180+1"]
[Date "2023.08.01"]
[WhiteClock "0:00:06"]
[BlackClock "0:00:04"]
[Board "186"]

1. e4 e6 2. d3 d5 3. Nd2 c5 4. g3 Nc6 5. Bg2 Nge7 6. f4 g6 7. Ngf3 Bg7 8. O-O O-O 9. e5 f6 10. exf6 Rxf6 11. Nb3 b6 12. c3 a5 13. d4 a4 14. Nbd2 Nf5 15. Re1 cxd4 16. cxd4 Nfxd4 17. Nxd4 Nxd4 18. Nc4 Rf8 19. Ne5 Nf5 20. Bd2 Re8 21. Bb4 Bb7 22. Rc1 Nd6 23. b3 axb3 24. axb3 Ra2 25. Qg4 Bxe5 26. Rxe5 Nf5 27. Rce1 Qd7 28. h4 d4 29. Bxb7 Qxb7 30. R1e2 Ra1+ 31. Re1 Rxe1+ 32. Rxe1 Ne3 33. Qe2 Rc8 34. Bd2 Rc2 35. Rc1 Ra2 36. h5 Kg7 37. hxg6 hxg6 38. f5 Nxf5 39. Qh2 Ne3 40. g4 Ra7 41. Qe5+ Kf7 42. Qf4+ Kg7 43. Bxe3 dxe3 44. Qxe3 Qf7 45. Qxb6 Rb7 46. Qd4+ Qf6 47. Qxf6+ Kxf6 48. Rc3 Kg5 49. Kf2 Kxg4 50. Ke2 Kf5 51. Kd3 e5 52. Kc2 g5 53. Rf3+ Ke4 54. Rg3 Kf4 55. Rg1 g4 56. Kc3 e4 57. b4 g3 58. Kc4 Kf3 59. Kc5 g2 60. Kc6 Rxb4 0-1


[Site "https://www.chess.com"]

[Event "Titled Tuesday Blitz August 1 Early 2023"]
[White "D`Arruda, Ricardo D."]
[Black "Miguelitro69"]
[WhiteFideId "100692"]
[WhiteElo "2469"]
[BlackElo "2297"]
[Result "1-0"]
[Round "4"]
[TimeControl "180+1"]
[Date "2023.08.01"]
[WhiteClock "0:00:42"]
[BlackClock "0:00:14"]
[Board "187"]

1. Nf3 g6 2. d4 Bg7 3. e4 d6 4. Nc3 Nf6 5. Bg5 h6 6. Bh4 O-O 7. Qd2 Kh7 8. O-O-O a6 9. e5 dxe5 10. dxe5 Qxd2+ 11. Rxd2 Ng8 12. Nd5 Nc6 13. Nxc7 Rb8 14. e6 f5 15. Bd3 Kh8 16. h3 g5 17. Bxg5 hxg5 18. Nxg5 Nh6 19. g4 Be5 20. Nd5 f4 21. f3 Bf6 22. h4 Kg7 23. Nxf4 Ne5 24. Nh5+ Kh8 25. Be4 Nexg4 26. fxg4 Nxg4 27. Nxf6 exf6 28. Nf7+ Kg7 29. Bf5 Ne5 30. Rg1+ Ng6 31. Rxg6+ Kh7 32. Rh6+ Kg7 33. Rg2# 1-0


[Site "https://www.chess.com"]

[Event "Titled Tuesday Blitz August 1 Early 2023"]
[White "Fernandez Siles, Luis"]
[Black "Ronka, Erik"]
[WhiteFideId "2209420"]
[BlackFideId "505080"]
[WhiteElo "2294"]
[BlackElo "2467"]
[Result "0-1"]
[Round "4"]
[TimeControl "180+1"]
[Date "2023.08.01"]
[WhiteClock "0:00:00"]
[BlackClock "0:00:07"]
[Board "188"]

1. e4 c5 2. Nf3 d6 3. Bb5+ Bd7 4. Bxd7+ Qxd7 5. O-O Nc6 6. c3 Nf6 7. Re1 e6 8. d4 cxd4 9. cxd4 d5 10. e5 Ne4 11. Nbd2 Nxd2 12. Bxd2 Be7 13. Rc1 O-O 14. Rc3 Rac8 15. Rd3 Rc7 16. Ng5 Rfc8 17. Qh5 Bxg5 18. Bxg5 Ne7 19. Rh3 h6 20. Bxh6 gxh6 21. Qxh6 Ng6 22. Rg3 Qe7 23. h4 Qf8 24. Qg5 Kh7 25. Qf6 Rc1 26. Rxc1 Rxc1+ 27. Kh2 Qg7 28. Qxg7+ Kxg7 29. h5 Rc2 30. hxg6 Rxb2 31. gxf7+ Kxf7 32. Ra3 Rxf2 33. Rxa7 Kg6 34. Rxb7 Rxa2 35. Rb6 Kf5 36. Rb3 Rd2 37. Rf3+ Ke4 38. Rf6 Kxd4 39. Rxe6 Re2 0-1


[Site "https://www.chess.com"]

[Event "Titled Tuesday Blitz August 1 Early 2023"]
[White "Xavier_mompel"]
[Black "Garcia Almaguer, Juan Manuel"]
[BlackFideId "5110491"]
[WhiteElo "2286"]
[BlackElo "2466"]
[Result "1/2-1/2"]
[Round "4"]
[TimeControl "180+1"]
[Date "2023.08.01"]
[WhiteClock "0:01:59"]
[BlackClock "0:02:17"]
[Board "189"]

1. e4 e5 2. Nf3 Nc6 3. Bb5 a6 4. Ba4 Nf6 5. O-O Be7 6. Re1 b5 7. Bb3 O-O 8. a4 Bb7 9. d3 d6 10. Bd2 Nd7 11. axb5 axb5 12. Rxa8 Qxa8 13. Nc3 Qa6 14. Nd5 Nc5 15. Nxc7 Qb6 16. Nd5 Qa6 17. Nc7 Qb6 18. Nd5 Qa6 19. Nc7 1/2-1/2


[Site "https://www.chess.com"]